 Dungeon Crawl Stone Soup version 0.27.0-1-g7a089689b8 (webtiles) character file.

Game seed: 12496863247379478873

2 Smaepdii the Grasshopper (level 1, 0/17 HPs)
             Began as a Draconian Warper on Aug 2, 2021.
             Slain by a jackal (2 damage)
             ... on level 1 of the Dungeon.
             The game lasted 00:00:25 (58 turns).

Smaepdii the Grasshopper (Draconian Warper)           Turns: 58, Time: 00:00:25

Health: 0/17       AC:  4    Str: 13    XL:     1   Next: 33%
Magic:  3/3        EV: 12    Int: 13    God:
Gold:   0          SH:  0    Dex: 10    Spells: 4/4 levels left

rFire    . . .     SeeInvis .   a - +0 spear
rCold    . . .     Faith    .   (no shield)
rNeg     . . .     Spirit   .   (armour unavailable)
rPois    .         Reflect  .   (helmet restricted)
rElec    .         Harm     .   (no cloak)
rCorr    .         Rampage  .   (no gloves)
Will     .....                  (no boots)
Stlth    +.........             (no amulet)
HPRegen  0.05/turn              (no ring)
MPRegen  0.08/turn              (no ring)

@: no status effects
A: AC +4, unfitting armour, cold-blooded
a: no special abilities


You were on level 1 of the Dungeon.
You visited 1 branch of the dungeon, and saw 1 of its levels.

Inventory:

Hand Weapons
 a - a +0 spear (weapon)
Missiles
 c - 5 boomerangs of dispersal (quivered)
Scrolls
 b - a scroll of blinking
Potions
 d - a potion of magic {unknown}


   Skills:
 + Level 2.2 Fighting
 + Level 2.0 Polearms
 + Level 0.9 Throwing
 + Level 2.1 Dodging
 + Level 2.0 Spellcasting
 + Level 3.0 Translocations


You had 4 spell levels left.
You didn't know any spells.
Your spell library contained the following spells:

 Spells                   Type           Power      Damage    Failure   Level
 Blink                    Tloc           N/A        N/A       11%         2
 Gell's Gravitas          Tloc           4%         N/A       22%         3
 Lesser Beckoning         Tloc           4%         N/A       22%         3
 Teleport Other           Tloc           9%         N/A       22%         3
 Manifold Assault         Tloc           9%         N/A       90%         5


Dungeon Overview and Level Annotations

Branches:
Dungeon (1/15)

Altars:


Innate Abilities, Weirdness & Mutations

Your plain brown scales are hard. (AC +4)
You cannot fit into any form of body armour.
You are cold-blooded and may be slowed by cold attacks.


Message History

2 jackals come into view.
The jackal barks! x3
You barely miss the jackal. The jackal bites you. The jackal bites you.
The jackal bites you but does no damage.
You hit the jackal.
The jackal is severely wounded.
The jackal barely misses you. The jackal closely misses you.
You closely miss the jackal.
The jackal is severely wounded.
The jackal closely misses you.
The jackal bites you but does no damage.
You hit the jackal but do no damage.
The jackal is severely wounded.
The jackal bites you. x2; The jackal completely misses you.
You hit the jackal but do no damage. The jackal misses you.
The jackal closely misses you. x2
You hit the jackal.
You kill the jackal!
The jackal barely misses you. The jackal misses you.
You hit the jackal.
The jackal is lightly wounded.
The jackal bites you but does no damage. x2
The jackal bites you.
You closely miss the jackal. You tail-slap the jackal.
You kill the jackal!
The jackal closely misses you.
You barely miss the jackal. The jackal barely misses you.
The jackal bites you but does no damage.
You hit the jackal but do no damage. The jackal barely misses you.
The jackal misses you.
The jackal bites you but does no damage. x2
You barely miss the jackal. The jackal bites you.
* * * LOW HITPOINT WARNING * * *
The jackal misses you.
You closely miss the jackal. The jackal closely misses you.
The jackal bites you.
* * * LOW HITPOINT WARNING * * *
The jackal bites you.
You die...

#.#... ##.....##
......... ........#
........### .....
..........# #....
.........####...
#...#####.#####hh......
...#...#.# #@####...
♣..#.<.#.+ #.####..(
♣..#...#.# #........
♣..##'##.#####........
♣♣.....................
♣♣...#####.##'##........
♣....#...#.#...#........
.....#...'.#.>.#........
.....#...#.#...#........


You could see 2 jackals.

Vanquished Creatures
  2 jackals (D:1)
2 creatures vanquished.

Notes
Turn   | Place    | Note
-------+----------+-------------------------------------------
     0 | D:1      | Smaepdii the Draconian Warper began the quest for the Orb.
     0 | D:1      | Reached XP level 1. HP: 17/17 MP: 3/3
    58 | D:1      | Slain by a jackal

Illustrated notes

Levels and vault maps discovered:
D:1:      minmay_arrival_four_houses, layout_rooms, serial_forest,
          infiniplex_forest_end_2, infiniplex_forest_clump_C,
          infiniplex_forest_clump_curved, infiniplex_forest_lined_3_way,
          infiniplex_forest_straight_3, infiniplex_forest_end_2

Action                   || total
-------------------------++-------
Melee: Spear             ||    12
       Tailslap          ||     1
Armor: Skin              ||     7
Dodge: Dodged            ||    15
